 Dungeon Crawl Stone Soup version 0.31-a0-1009-g454b1f1e0a (webtiles) character file.

Game seed: 837215632082272941

96677 Queen the Warrior (level 15, -16/141 HPs)
             Began as a Green Draconian Shapeshifter on Nov 14, 2023.
             Was a Believer of Uskayaw.
             Demolished by a naga
             ... wielding a +1 antimagic hand axe
              (22 damage)
             ... on level 1 of the Snake Pit on Nov 15, 2023.
             The game lasted 01:15:34 (34035 turns).

Queen the Warrior (Green Draconian Shapeshifter)   Turns: 34035, Time: 01:15:35

Health: -16/141    AC: 19    Str: 23    XL:     15   Next: 69%
Magic:  0/21       EV: 22    Int: 14    God:    Uskayaw [**....]
Gold:   98         SH:  0    Dex: 22    Spells: 14/14 levels left

rFire   . .          .
                       - Unarmed
rCold   . . .        (no shield)
rNeg    . . .        (body armour unavailable)
rPois   +            I - +2 hat {Stlth+}
rElec   .            q - +1 cloak
rCorr   .            g - +2 pair of gloves
SInv    .            t - +2 pair of boots
Will    +++..        d - amulet of the acrobat
Stlth   ++++         n - ring of the Doge {Will+ Int+2 Dex+6}
HPRegen 0.43/turn    P - ring "Boaxte" {+Blink Will+ Dex+6 Stlth+}
MPRegen 0.17/turn

%: acrobat
@: maw-form, studying Unarmed Combat
A: devouring maw, breathe noxious fumes, AC +9, unfitting armour, stinger 1,
poison resistance, cold-blooded
a: Breathe Noxious Fumes, Begin Untransformation, Renounce Religion, Evoke
Blink, Stomp, Line Pass


You were on level 1 of the Snake Pit.
You worshipped Uskayaw.
Uskayaw was aware of your devotion.
You were a creature with a mouth for a stomach.
You visited 4 branches of the dungeon, and saw 23 of its levels.
You also visited: Sewer and Bailey.

You collected 2334 gold pieces.
You spent 2236 gold pieces at shops.

Inventory:

Armour
 g - a +2 pair of gloves (worn)
 q - a +1 cloak (worn)
 t - a +2 pair of boots (worn)
 I - a +2 hat of stealth (worn)
Jewellery
 d - an amulet of the acrobat (around neck)
 n - the ring of the Doge (left hand) {Will+ Int+2 Dex+6}
   (You found it on level 4 of the Dungeon)

   [ring of dexterity]

   Int+2:     It affects your intelligence (+2).
   Dex+6:     It affects your dexterity (+6).
   Will+:     It increases your willpower.
 u - a ring of see invisible
 w - a ring of protection from cold
 P - the ring "Boaxte" (right hand) {+Blink Will+ Dex+6 Stlth+}
   (You bought it in a shop on level 2 of the Orcish Mines)

   [ring of dexterity]

   Dex+6:     It affects your dexterity (+6).
   Will+:     It increases your willpower.
   +Blink:    It lets you blink.
   Stlth+:    It makes you more stealthy.
 T - a ring of protection from fire
Talismans
 b - a beast talisman
 c - a flux talisman
 F - a blade talisman
 O - a maw talisman (active)
 X - a granite talisman
Wands
 A - a wand of roots (17)
 C - a wand of flame (20)
 D - a wand of charming (22)
 E - a wand of mindburst (12)
 K - a wand of digging (23)
 Q - a wand of quicksilver (6)
 U - a wand of polymorph (2)
Scrolls
 e - 3 scrolls of noise
 h - 4 scrolls of fear
 j - 5 scrolls of teleportation
 k - 6 scrolls of amnesia
 l - 3 scrolls of silence
 p - 6 scrolls of immolation
 s - 4 scrolls of blinking
 y - 3 scrolls of vulnerability
 z - 2 scrolls of acquirement
 B - 2 scrolls of enchant armour
 G - 2 scrolls of revelation
 L - 2 scrolls of fog
 M - a scroll of enchant weapon
 N - 4 scrolls of poison
 S - a scroll of butterflies
Potions
 a - 6 potions of lignification
 f - 11 potions of curing
 i - 4 potions of brilliance
 m - 5 potions of haste
 o - 2 potions of attraction
 r - 7 potions of enlightenment
 v - 4 potions of might
 x - 7 potions of heal wounds
 H - 5 potions of magic
 J - a potion of cancellation
 R - 4 potions of mutation
 W - a potion of ambrosia


   Skills:
 + Level 15.1 Fighting
 + Level 12.9 Dodging
 + Level 14.2 Unarmed Combat
 - Level 9.0 Invocations
 + Level 13.2 Shapeshifting


You had 14 spell levels left.
You didn't know any spells.
Your spell library contained the following spells:

 Spells                   Type           Power      Damage    Failure   Level
 Kiss of Death            Conj/Necr      0%         2d5       28%         1
 Magic Dart               Conj           0%         1d3       28%         1
 Summon Small Mammal      Summ           0%         N/A       28%         1
 Ensorcelled Hibernation  Hex/Ice        0%         N/A       41%         2
 Jinxbite                 Hex            0%         N/A       41%         2
 Passwall                 Tmut/Erth      0%         N/A       41%         2
 Searing Ray              Conj           0%         2d4       41%         2
 Sublimation of Blood     Necr           0%         N/A       41%         2
 Wereblood                Tmut           0%         N/A       41%         2
 Call Canine Familiar     Summ           0%         N/A       65%         3
 Confusing Touch          Hex            0%         N/A       65%         3
 Dazzling Flash           Conj/Hex       0%         N/A       65%         3
 Ignite Poison            Fire/Tmut/Pois 0%         N/A       65%         3
 Inner Flame              Hex/Fire       0%         N/A       65%         3
 Summon Guardian Golem    Hex/Summ       0%         N/A       65%         3
 Swiftness                Air            0%         N/A       65%         3
 Tukima's Dance           Hex            0%         N/A       65%         3
 Volatile Blastmotes      Fire/Tloc      0%         2d10      65%         3
 Anguish                  Hex/Necr       0%         N/A       96%         4
 Dispel Undead            Necr           0%         3d6       96%         4
 Fulminant Prism          Conj/Hex       0%         3d5       96%         4
 Passage of Golubria      Tloc           0%         N/A       96%         4
 Petrify                  Tmut/Erth      0%         N/A       96%         4
 Sticky Flame             Conj/Fire      0%         2d3       96%         4
 Summon Lightning Spire   Summ/Air       0%         N/A       96%         4
 Vhi's Electric Charge    Tloc/Air       0%         N/A       96%         4
 Arcjolt                  Conj/Air       0%         1d10      100%        5
 Lee's Rapid Deconstruct  Erth           0%         3d4*      100%        5
 Summon Forest            Summ/Tloc      0%         N/A       100%        5
 Yara's Violent Unravell  Hex/Tmut       0%         3d3       100%        5
 Eringya's Noxious Bog    Tmut/Pois      0%         4d6       100%        6
 Plasma Beam              Fire/Air       0%         2x1d10    100%        6
 Starburst                Conj/Fire      0%         6d3       100%        6
 Enfeeble                 Hex            0%         N/A       100%        7
 Summon Hydra             Summ           0%         N/A       100%        7
 Ignition                 Fire           0%         3d3       100%        8
 Maxwell's Capacitive Co  Air            0%         ∞         100%        8
 Animate Armour           Summ/Erth      Unusable   N/A       N/A         4

Dungeon Overview and Level Annotations

Branches:
Dungeon (15/15)            Temple (0/1) D:5            Lair (5/5) D:9
  Swamp (0/4) Lair:3        Snake (1/4) Lair:2        Slime (0/5) Lair:5
    Orc (2/2) D:12            Elf (0/3) Orc:2        Vaults (0/5) D:13
 Depths (0/4) D:15          Sewer (visited)          Bailey (visited)

Altars:
Ashenzari
Cheibriados
Gozag
Kikubaaqudgha
Makhleb
Qazlal
Ru
Uskayaw
Vehumet
Wu Jian
Xom
The Shining One
Jiyva

Shops:
D:8 [   D:10 *   Orc:2 [?=:

Portals:
Trove: D:15 (give +5 demon trident)

Annotations:
D:2 exclusion: downstairs
D:3 exclusion: 2 downstairs
D:7 exclusion: downstairs
D:9 exclusion: downstairs
D:13 3 runed translucent doors, Turbonekonecno's ghost, journeyman SpEn
Lair:1 1 runed translucent door, Ostraeg's ghost, journeyman OpSh
Lair:3 exclusion: door
Orc:2 1 runed translucent door, dertzug's ghost, journeyman TrSh


Innate Abilities, Weirdness & Mutations

You are a creature with a mouth for a stomach.
Your midsection houses a second, enormous mouth.
You can breathe blasts of noxious fumes.
Your lurid green scales are hard. (AC +9)
You cannot fit into any form of body armour.
Your tail ends in a venomous barb.
Your system is resistant to poisons. (rPois)
You are cold-blooded and may be slowed by cold attacks.


Message History

The naga warrior goes into a battle-frenzy!
You can now pass through a line of other dancers.
You closely miss the naga warrior. Your bite misses the naga warrior.
The naga warrior is severely wounded.
The naga hits you with a +1 antimagic hand axe!!
You feel your power leaking away. The naga warrior closely misses you.
The naga warrior constricts you.
The salamander shoots an arrow.
The arrow hits you. The arrow burns you. The naga warrior spits poison at you.
The splash of poison misses you.
You hit the naga warrior.
Your tail-slap misses the naga warrior.
You bite the naga warrior, but do no damage.
The naga warrior is almost dead.
The naga spits poison at you. The splash of poison misses you.
The splash of poison hits the naga warrior.
The naga warrior barely misses you. The naga warrior constricts you.
You punch the naga warrior!
You kill the naga warrior!
The salamander unwields a +0 shortbow of flaming.
It stops flaming.
The salamander hits you!
You are engulfed in flames!
The naga warrior spits poison at you. The splash of poison hits you.
You resist.
The naga hits you with a +1 antimagic hand axe!!
* * * LOW HITPOINT WARNING * * *
You feel your power leaking away. The naga closely misses you.
The salamander unwields a +0 shortbow of flaming.
It stops flaming.
The salamander hits you.
* * * LOW HITPOINT WARNING * * *
You are engulfed in flames!
* * * LOW HITPOINT WARNING * * *
The naga warrior roars a battlecry!
The naga warrior goes into a battle-frenzy!
The salamander hits you.
* * * LOW HITPOINT WARNING * * *
You are engulfed in flames!
* * * LOW HITPOINT WARNING * * *
The naga hits you with a +1 antimagic hand axe!!
You die...

#......
#.....#
##.....#
#......#
#......#
#.....##
#...NN#
#..NN.#
#..)WN#
#....##
#....#
#..N.#
#....#
#....#
#....#
#....#


You could see 2 naga warriors, 2 salamanders and 2 nagas.

Vanquished Creatures
  Gastronok (D:8)
  A frost giant (D:15)
  Nessos (Lair:3)
  Snorg (Lair:2)
  Erolcha (Orc:2)
  5 hydras
  5 centaur warriors
  2 ogre magi
  3 boulder beetles
  13 two-headed ogres
  A naga warrior (Snake:1)
  3 tengu warriors (D:15)
  3 death yaks (Lair:5)
  Urug (Lair:3)
  An orc high priest (Orc:2)
  Sonja (D:10)
  Nergalle (Orc:2)
  3 skysharks (Lair:5)
  Amaemon (D:11)
  Lodul (D:10)
  A sixfirhy (D:10)
  2 orc knights
  2 lindwurms (Lair:5)
  10 orc sorcerers
  12 ugly things
  5 deep elf pyromancers
  8 cyclopes
  3 oklob plants (Lair:4)
  3 manticores
  9 slime creatures
  9 black mambas
  Maggie (D:8)
  10 elephants
  A guardian serpent (Snake:1)
  A rust devil (D:12)
  3 torpor snails (Lair:5)
  Maurice (D:8)
  2 orange demons
  10 cane toads
  An unseen horror (D:11)
  A komodo dragon (shapeshifter) (D:14)
  Psyche (D:8)
  8 rime drakes
  11 komodo dragons
  An ice devil (D:12)
  4 trolls
  12 blink frogs
  2 hornets (Lair:5)
  A glass eye (Lair:4)
  6 dream sheep
  A shadow (D:10)
  2 wraiths (D:13)
  Sigmund (D:6)
  8 wyverns
  47 yaks
  A vampire (D:9)
  10 basilisks
  16 humans (D:13)
  2 acid dragons
  3 nagas (Lair:2)
  19 water moccasins
  18 orc warriors
  An ice beast (D:7)
  A sky beast (D:6)
  3 black bears
  21 wolves
  14 ogres
  16 centaurs
  A phantom (D:4)
  5 kobold brigands
  Blork the orc (D:5)
  9 bullfrogs
  5 scorpions
  3 wights (D:9)
  4 electric eels (Lair:3)
  3 howler monkeys
  4 quasits (D:12)
  2 jellies
  2 hounds
  17 orc priests
  2 gnoll boudas
  An iguana (D:5)
  Terence (D:3)
  10 hell rats
  34 orc wizards
  A mummy (D:4)
  6 gnolls
  8 adders
  4 river rats (Sewer)
  3 shadow imps
  2 white imps
  2 ufetubi (D:6)
  A worm (Sewer)
  117 orcs
  10 bats
  9 endoplasms
  8 giant cockroaches
  7 goblins
  5 hobgoblins
  3 jackals (Sewer)
  8 quokkas
  8 ball pythons
  A frilled lizard (D:1)
  A hobgoblin zombie (D:4)
  31 kobolds
  A kobold zombie (D:4)
  6 rats
720 creatures vanquished.

Vanquished Creatures (others)
  An electric eel (Lair:3)
1 creature vanquished.

Grand Total: 721 creatures vanquished

Notes
Turn   | Place    | Note
-------+----------+-------------------------------------------
     0 | D:1      | Queen the Draconian Shapeshifter began the quest for the
                  | Orb.
     0 | D:1      | Reached XP level 1. HP: 16/16 MP: 1/1
   335 | D:1      | Reached XP level 2. HP: 20/23 MP: 2/2
  1102 | D:2      | Reached XP level 3. HP: 29/29 MP: 3/3
  1332 | D:2      | Reached skill level 2 in Fighting
  2137 | D:3      | Reached XP level 4. HP: 13/37 MP: 4/4
  2168 | D:3      | Noticed an ogre
  2177 | D:3      | Killed an ogre
  2178 | D:3      | Reached XP level 5. HP: 3/44 MP: 5/5
  2347 | D:3      | Noticed Terence
  2729 | D:3      | Killed Terence
  2730 | D:3      | Reached skill level 3 in Fighting
  4184 | D:4      | Found a glowing drain.
  4196 | Sewer    | Entered a sewer
  4515 | Sewer    | Reached XP level 6. HP: 27/51 MP: 6/6
  5838 | D:4      | Found a sacrificial altar of Ru.
  5851 | D:4      | Identified the ring of the Doge {Will+ Int+2 Dex+6}
  6094 | D:5      | Entered Level 5 of the Dungeon
  6149 | D:5      | Noticed a water moccasin
  6167 | D:5      | Killed a water moccasin
  6168 | D:5      | Reached skill level 4 in Fighting
  6261 | D:5      | Your scales start taking on a lurid green colour.
  6261 | D:5      | Reached XP level 7. HP: 59/59 MP: 7/7
  6261 | D:5      | Gained mutation: Your system is resistant to poisons.
                  | (rPois) [Green Draconian growth]
  6333 | D:5      | Noticed Blork the orc
  6351 | D:5      | Killed Blork the orc
  6422 | D:4      | Reached skill level 5 in Unarmed Combat
  6436 | D:4      | Found a sacrificial altar of Ru.
  7246 | D:5      | Found a hide-covered altar of Uskayaw.
  7339 | D:5      | Reached skill level 5 in Shapeshifting
  7366 | D:5      | Became a worshipper of Uskayaw the Reveller
  7390 | D:5      | Found a staircase to the Ecumenical Temple.
  7406 | D:5      | Reached * piety under Uskayaw
  7408 | D:5      | Reached ** piety under Uskayaw
  7414 | D:5      | You fall into a shaft and drop 1 floor!
  7522 | D:6      | Reached *** piety under Uskayaw
  7523 | D:6      | Reached skill level 5 in Fighting
  7523 | D:6      | Reached skill level 1 in Invocations
  7523 | D:6      | Reached XP level 8. HP: 53/68 MP: 8/8
  7527 | D:6      | Reached **** piety under Uskayaw
  7531 | D:6      | Reached ***** piety under Uskayaw
  7717 | D:6      | Found a snail-covered altar of Cheibriados.
  7849 | D:6      | Identified the +3 leather armour of the Dolphin {Dex+5}
  7927 | D:6      | Noticed Sigmund
  7933 | D:6      | Killed Sigmund
  7934 | D:6      | Reached skill level 5 in Dodging
  8068 | D:6      | Found a stormy altar of Qazlal.
  8335 | D:6      | Found a stormy altar of Qazlal.
  8647 | D:6      | Found a snail-covered altar of Cheibriados.
  8823 | D:7      | Reached skill level 6 in Fighting
  8893 | D:7      | Reached XP level 9. HP: 75/75 MP: 11/11
  9441 | D:8      | Identified the "Qoygallo"
  9450 | D:8      | Noticed Gastronok
  9883 | D:8      | Noticed Maurice
  9902 | D:8      | Killed Maurice
  9953 | D:8      | Identified the +7 flail of Uskayaw's Esteem {venom, Will+
                  | Str+2}
 10024 | D:8      | Noticed Maggie
 10081 | D:8      | Reached skill level 7 in Fighting
 10089 | D:8      | Reached skill level 5 in Invocations
 10272 | D:8      | Noticed Psyche
 10279 | D:8      | Killed Psyche
 10570 | D:8      | Killed Maggie
 10571 | D:8      | Reached XP level 10. HP: 61/86 MP: 4/14
 10640 | D:8      | Found Jidoc's Armour Emporium.
 10919 | D:8      | Killed Gastronok
 11274 | D:8      | Found Jidoc's Armour Emporium.
 11556 | D:9      | Found a glowing golden altar of the Shining One.
 11593 | D:9      | Reached skill level 8 in Fighting
 11680 | D:9      | Identified the +3 ring mail "Myfatae" {Dex+3}
 11709 | D:9      | Reached ****** piety under Uskayaw
 11976 | D:9      | Reached XP level 11. HP: 93/95 MP: 16/16
 12179 | D:9      | Found a staircase to the Lair.
 12260 | D:9      | Found a glowing golden altar of the Shining One.
 12398 | D:9      | Found a staircase to the Lair.
 12653 | D:14     | Identified the "Bogiedwa"
 12653 | Lair:1   | Entered Level 1 of the Lair of Beasts
 12911 | Lair:1   | Reached skill level 9 in Fighting
 12914 | Lair:1   | Found a runed translucent door.
 12915 | Lair:1   | Noticed Ostraeg's ghost (journeyman OpSh)
 14882 | Lair:2   | Found a staircase to the Snake Pit.
 14901 | Lair:2   | Noticed an eight-headed hydra
 14914 | Lair:2   | Killed an eight-headed hydra
 15447 | Lair:2   | Noticed a seven-headed hydra
 15460 | Lair:2   | Killed a seven-headed hydra
 16160 | Lair:2   | Found a staircase to the Snake Pit.
 16522 | Lair:3   | Noticed a five-headed hydra
 16542 | Lair:3   | Reached skill level 10 in Fighting
 16542 | Lair:3   | Reached XP level 12. HP: 106/106 MP: 14/18
 16549 | Lair:3   | Killed a five-headed hydra
 16557 | Lair:3   | Reached skill level 10 in Unarmed Combat
 16747 | Lair:3   | Noticed Urug
 16772 | Lair:3   | Killed Urug
 17146 | Lair:3   | Reached skill level 11 in Fighting
 17455 | Lair:3   | Reached skill level 10 in Shapeshifting
 17733 | Lair:3   | Found a staircase to the Swamp.
 18444 | Lair:3   | Noticed a five-headed hydra
 18448 | Lair:3   | Noticed Nessos
 18463 | Lair:2   | Killed a five-headed hydra
 18464 | Lair:2   | Reached XP level 13. HP: 68/116 MP: 19/19
 18589 | Lair:3   | Noticed Snorg
 18607 | Lair:2   | Killed Snorg
 19065 | Lair:3   | Killed Nessos
 19468 | Lair:4   | Reached skill level 10 in Dodging
 20281 | Lair:4   | Reached skill level 12 in Fighting
 21627 | Lair:5   | Entered Level 5 of the Lair of Beasts
 21627 | Lair:5   | Found a staircase to the Slime Pits.
 21627 | Lair:5   | Found a viscous altar of Jiyva.
 21806 | Lair:5   | Found a broken altar of Ashenzari.
 22763 | Lair:5   | Gained mutation: Your tail ends in a venomous barb. [Green
                  | Draconian growth]
 22763 | Lair:5   | Reached XP level 14. HP: 127/127 MP: 20/20
 23021 | Lair:5   | Reached skill level 13 in Fighting
 23204 | Lair:5   | Found a staircase to the Slime Pits.
 23204 | Lair:5   | Found a viscous altar of Jiyva.
 23257 | Lair:5   | Found a broken altar of Ashenzari.
 23827 | Lair:5   | Found a staircase to the Slime Pits.
 23827 | Lair:5   | Found a viscous altar of Jiyva.
 23873 | Lair:5   | Found a broken altar of Ashenzari.
 24423 | D:10     | Entered Level 10 of the Dungeon
 24423 | D:10     | Noticed Lodul
 24496 | D:10     | Found a flagged portal.
 24512 | Bailey   | Entered a bailey
 25411 | D:10     | Found Yfifit's Assorted Antiques.
 25425 | D:10     | Bought a scroll of identify for 64 gold pieces
 25425 | D:10     | Bought a potion of heal wounds for 160 gold pieces
 25425 | D:10     | Bought a potion of curing for 96 gold pieces
 25461 | D:10     | Found an opulent altar of Gozag.
 25514 | D:10     | Noticed Sonja
 25539 | D:10     | Killed Lodul
 25565 | D:10     | Killed Sonja
 25586 | D:10     | Found a runed translucent door.
 25657 | D:10     | Found a burning altar of Makhleb.
 25811 | D:10     | Found a runed translucent door.
 25815 | D:10     | Found a burning altar of Makhleb.
 25844 | D:10     | Found Yfifit's Assorted Antiques.
 25885 | D:10     | Found an opulent altar of Gozag.
 26080 | D:10     | Found a runed translucent door.
 26084 | D:10     | Found a burning altar of Makhleb.
 26109 | D:10     | Found Yfifit's Assorted Antiques.
 26150 | D:10     | Found an opulent altar of Gozag.
 26468 | D:11     | Noticed Amaemon
 26476 | D:11     | Killed Amaemon
 28210 | D:12     | Found a staircase to the Orcish Mines.
 28424 | D:12     | Found a staircase to the Orcish Mines.
 28986 | D:13     | Found a gate to the Vaults.
 29254 | D:13     | Found a runed translucent gate.
 29256 | D:13     | Found a runed translucent gate.
 29257 | D:13     | Found a runed translucent gate.
 29257 | D:13     | Noticed Turbonekonecno's ghost (journeyman SpEn)
 29327 | D:13     | Reached skill level 14 in Fighting
 29540 | D:13     | Found an ornate altar of the Wu Jian Council.
 30248 | D:14     | Found a gate leading to a gauntlet.
 30253 | D:14     | Reached XP level 15. HP: 105/138 MP: 21/21
 30544 | D:15     | Entered Level 15 of the Dungeon
 30791 | D:15     | Found a portal to a secret trove of treasure.
 31003 | D:15     | Found a staircase to the Depths.
 31003 | D:15     | Noticed a frost giant
 31070 | D:15     | Killed a frost giant
 31354 | Orc:1    | Entered Level 1 of the Orcish Mines
 31870 | Orc:2    | Entered Level 2 of the Orcish Mines
 31909 | Orc:2    | Found a staircase to the Elven Halls.
 32242 | Orc:2    | Found a shimmering altar of Xom.
 32303 | Orc:2    | Found a runed translucent door.
 32303 | Orc:2    | Found a shimmering altar of Xom.
 32303 | Orc:2    | Noticed dertzug's ghost (journeyman TrSh)
 32572 | Orc:2    | Reached skill level 15 in Fighting
 32585 | Orc:2    | Found a radiant altar of Vehumet.
 32587 | Orc:2    | Noticed Erolcha
 32600 | Orc:2    | Killed Erolcha
 32613 | Orc:2    | Found Igolunua's Jewellery Emporium.
 32623 | Orc:2    | Noticed Nergalle
 32624 | Orc:2    | Found an ancient bone altar of Kikubaaqudgha.
 32635 | Orc:2    | Killed Nergalle
 32661 | Orc:2    | Found Saja's Book Emporium.
 32669 | Orc:2    | Bought a manual of Unarmed Combat for 1040 gold pieces
 32692 | Orc:2    | Bought the ring "Boaxte" {+Blink Will+ Dex+6 Stlth+} for
                  | 876 gold pieces
 32731 | Orc:2    | Found Ryapsar's Antique Armour Shoppe.
 32743 | Orc:2    | Found Hurgh's Magic Scroll Shoppe.
 33129 | Orc:2    | Found a shimmering altar of Xom.
 33269 | Orc:2    | Found a staircase to the Elven Halls.
 33495 | Orc:2    | Found Saja's Book Emporium.
 33504 | Orc:2    | Found an ancient bone altar of Kikubaaqudgha.
 33508 | Orc:2    | Found Igolunua's Jewellery Emporium.
 33519 | Orc:2    | Found a radiant altar of Vehumet.
 33565 | Orc:2    | Found Hurgh's Magic Scroll Shoppe.
 33570 | Orc:2    | Found Ryapsar's Antique Armour Shoppe.
 33999 | Snake:1  | Entered Level 1 of the Snake Pit
 34035 | Snake:1  | HP: 6/141 [salamander (12)]
 34035 | Snake:1  | Demolished by a naga

Illustrated notes

Levels and vault maps discovered:
D:1:      dpeg_arrival_connections, layout_basic
D:2:      layout_loops_ring
D:3:      layout_basic, uniq_terence
D:4:      layout_loops_corners, mainiacjoe_overflow_tiny_flanked,
          nicolae_ossuary_entry_giza, cheibrodos_sewer_entry_drain
D:5:      layout_cave_pools, lemuel_crystal_altar, minitemple,
          minmay_temple_entry_from_below_a, nicolae_kite_square_tiling_tiny,
          uniq_blork_the_orc
D:6:      layout_loops_cross, mainiacjoe_overflow_small_starburst,
          old_standard_altar, uniq_sigmund
D:7:      layout_rooms
D:8:      layout_loops_ring, serial_glass, glass_columns_a, glass_columns_b,
          serial_shops, shop, uniq_maggie, uniq_psyche, uniq_gastronok,
          uniq_maurice
D:9:      layout_rooms, lemuel_tele_altar, grunt_lair_entry_orc_guard_hut,
          skrybe_limestone_x
D:10:     layout_gridville, kennysheep_little_box, nzn_makhleb_speed_demon,
          enter_bailey_3, serial_shops, shop, uniq_lodul, uniq_sonja
D:11:     layout_stronghold, uniq_amaemon
D:12:     layout_basic, hiddenorc2_lemuel, nicolae_demonic_statue_gallery
D:13:     layout_long_grid, david_vaults_3, gammafunk_ghost_nasty_kobolds,
          nicolae_wu_jian_immortal_techniques
D:14:     layout_roguey, gauntlet_entry_generic, chequers_serial_rivers_small_b,
          chequers_mini_garden, item_on_display_a
D:15:     grunt_enter_depths_snipers, layout_rooms, enter_trove_0
Lair:1:   layout_small_grid, ebering_ghost_inner_flame
Lair:2:   layout_cave_pods, minmay_snake_entry_guardpost_small
Lair:3:   layout_roguey [special_room_mythical_zoo], minmay_swamp_entry_eels,
          serial_rivers, chequers_serial_rivers_micro_a,
          chequers_serial_rivers_micro_a, chequers_serial_rivers_large_a,
          chequers_serial_rivers_small_a, uniq_snorg, uniq_nessos, uniq_urug
Lair:4:   layout_roguey, small_statue_intersection, disabler_island
Lair:5:   hangedman_lair_in_review, layout_misc_corridors, slime_entry_1,
          basic_altar, hellmonk_talismancer
Snake:1:  layout_onion, basic_altar
Orc:1:    nicolae_orc_accident_2, layout_caves
Orc:2:    kennysheep_orc_mage_school, layout_caves, basic_altar,
          ebering_ghost_xom

Skill      XL: |  1  2  3  4  5  6  7  8  9 10 11 12 13 14 15 |
---------------+----------------------------------------------+-----
Dodging        | 2 3 4 5 6 7 8 9 11 12 | 12.9
Fighting       | 2 3 4 5 6 7 8 10 11 12 14 15 | 15.1
Unarmed Combat | 4 5 6 7 8 9 10 12 13 14 | 14.2
Shapeshifting  | 4 5 6 7 8 10 11 12 13 | 13.2
Invocations    | 1 3 5 7 8 9 |  9.0

Action                     |  1- 3 |  4- 6 |  7- 9 | 10-12 | 13-15 || total
---------------------------+-------+-------+-------+-------+-------++-------
  Melee: Unarmed           |   112 |   212 |   264 |   630 |   866 ||  2084
         Tailslap          |    16 |    23 |    49 |   124 |   132 ||   344
         Punch             |     4 |     2 |     8 |       |    66 ||    80
         Maw               |       |       |       |       |    50 ||    50
 Invoke: Stomp             |       |       |     4 |    11 |     4 ||    19
         Line Pass         |       |       |     1 |       |       ||     1
         Grand Finale      |       |       |       |       |     1 ||     1
Ability: Begin Untransform |     1 |     1 |       |       |       ||     2
         Breathe Noxious F |       |       |    16 |    12 |    19 ||    47
    Use: Potion            |       |     1 |       |       |     1 ||     2
         Scroll            |       |     9 |     4 |     6 |     9 ||    28
   Stab: Confused          |       |       |    16 |     7 |     4 ||    27
         Paralysed         |       |       |    16 |    49 |    75 ||   140
         Sleeping          |       |       |       |       |    10 ||    10
         Distracted        |       |       |       |       |     1 ||     1
 Armour: Skin              |    47 |    83 |    99 |   410 |   466 ||  1105
  Dodge: Dodged            |    49 |   135 |   143 |   576 |   800 ||  1703
   Form: Beast             |     1 |     2 |     1 |     2 |       ||     6
                           |       |     1 |     1 |     4 |       ||     6
         Flux              |       |       |       |     3 |     1 ||     4
         Maw               |       |       |       |       |     4 ||     4
         Blade             |       |       |       |       |     3 ||     3
         Statue            |       |       |       |       |     1 ||     1

Table legend: (Time is in decaauts)
 A = Elapsed time spent in this place.
 B = Non-inter-level travel time spent in this place.
 C = Inter-level travel time spent in this place.
 D = Time resting spent in this place.
 E = Time spent auto-exploring this place.
 F = Levels seen in this place.
 G = Mean time per level.
                   A        B        C        D        E       F      G
               +--------+--------+--------+--------+--------+-----+--------+
         Total |  33931 |  32510 |   1421 |   4949 |  22534 |  25 | 1357.2 |
       Dungeon |  17926 |  17036 |    890 |   1707 |  12769 |  15 | 1195.1 |
          Lair |  11678 |  11253 |    425 |   3118 |   6695 |   5 | 2335.6 |
     Snake Pit |     32 |     32 |      0 |      0 |      2 |   1 |   32.0 |
  Orcish Mines |   2433 |   2328 |    105 |      0 |   1956 |   2 | 1216.5 |
         Sewer |    975 |    975 |      0 |    124 |    526 |   1 |  975.0 |
        Bailey |    884 |    884 |      0 |      0 |    584 |   1 |  884.0 |
               +--------+--------+--------+--------+--------+-----+--------+

Top non-repeatable levels by time:
  Lair:2: 2852 daAuts
  Lair:5: 2668 daAuts
     D:3: 2218 daAuts
  Lair:4: 2198 daAuts
  Lair:1: 2122 daAuts
     D:4: 1954 daAuts
  Lair:3: 1836 daAuts
   Orc:2: 1786 daAuts
     D:8: 1667 daAuts
    D:11: 1486 daAuts
     D:6: 1348 daAuts
    D:12: 1270 daAuts
     D:2: 1238 daAuts
     D:9: 1220 daAuts
     D:7: 1040 daAuts
